 Dungeon Crawl Stone Soup version 0.29.0-7-g18a832c13a (webtiles) character file.

Game seed: 3938005781968584049

8 sanka the Slasher (level 2, -1/25 HPs)
             Began as a Djinni Chaos Knight on Aug 30, 2022.
             Slain by a shadow imp (5 damage)
             ... summoned by Xom
             ... on level 1 of the Dungeon on Aug 31, 2022.
             The game lasted 00:00:31 (69 turns).

sanka the Slasher (Djinni Chaos Knight)               Turns: 69, Time: 00:00:32

Health: -1/25      AC:  5    Str: 11    XL:     2   Next: 15%
Gold:   0          EV: 11    Int: 13    God:
                   SH:  0    Dex: 12

rFire   + + .      SeeInvis .   a - +0 falchion (vorpal)
rCold   x . .      Faith    .   (no shield)
rNeg    . . .      Spirit   .   b - +2 leather armour
rPois   ∞          Reflect  .   (no helmet)
rElec   .          Harm     .   (no cloak)
rCorr   .          Rampage  .   (no gloves)
Will    .....                   (boots unavailable)
Stlth   +.........              (no amulet)
HPRegen 0.08/turn               (no ring)
MPRegen 0.00/turn               (no ring)

@: flying
A: sickness immunity, fire resistance 2, cold vulnerability 1, float, innate
caster, HP casting, extra vitality 1
a: no special abilities


You were on level 1 of the Dungeon.
You visited 1 branch of the dungeon, and saw 1 of its levels.


Innate Abilities, Weirdness & Mutations

You are immune to sickness and miasma.
You are immune to poison.
Your flesh is very heat resistant. (rF++)
You are vulnerable to cold. (rC-)
You float through the air rather than walking.
You learn spells naturally, not from books.
Your magical power is your life essence.
You have superior vitality. (+4 MHP)


   Skills:
 - Level 3.0 Fighting
 + Level 3.2 Long Blades
 - Level 1.0 Armour
 - Level 2.1 Dodging


You had one spell level left.
You didn't know any spells.
Your spell library was empty.

Inventory:

Hand Weapons
 a - a +0 vorpal falchion (weapon)
Armour
 b - a +2 leather armour (worn)
Miscellaneous
 c - a piece from Xom's chessboard (15/15) (quivered)

Dungeon Overview and Level Annotations

Branches:
Dungeon (1/15)

Altars:

▒...▒▒. ▒▒▒▒▒▒ ▒.▒.)▒.
▒....▒ ....... ▒....▒
..▒. ▒▒..... ▒....▒ ...
....... ▒....▒ ▒...
▒...... ▒▒▒▒....▒ ▒.▒.
▒......▒▒▒▒.......▒
▒.▒. ▒...355▒▒.....▒▒▒
▒▒.▒.
▒...5▒R▒▒.....▒▒▒▒▒...▒
▒▒▒▒555▒.....†........▒
▒555...▒▒▒▒▒▒▒▒▒....
.......▒..▒ ▒▒...
▒▒▒▒▒..▒..▒ ▒..▒
.......▒ ▒..▒ ▒▒▒▒..▒.▒
▒... .....▒ ▒...
▒▒▒▒▒.. ▒...


You could see a smoke demon (summoned), 2 iron imps, 2 crimson imps, 3 shadow
imps and an ufetubus (summoned).


Message History

a - a +0 vorpal falchion (weapon)
Unknown command.
You closely miss the crimson imp. The shadow imp gestures at you.
Pain shoots through your body! The shadow imp barely misses you.
The crimson imp hits you but does no damage.
Unknown command.
You miss the crimson imp. The iron imp completely misses you.
The shadow imp hits you but does no damage.
The shadow imp hits you but does no damage.
The crimson imp hits you but does no damage.
Unknown command.
You barely miss the crimson imp.
The iron imp disappears for a moment.
The iron imp hits you but does no damage.
The shadow imp puffs mist at you. The shadow imp barely misses you.
The shadow imp summons a swarm of flies.
The shadow imp hits you but does no damage.
The crimson imp barely misses you.
You hit the crimson imp.
The crimson imp is moderately wounded.
The iron imp hits you!
* * * LOW HITPOINT WARNING * * *
The shadow imp hits you but does no damage.
The shadow imp hits you.
You die... "What!?
That's it?"

Action                   || total
-------------------------++-------
Melee: Falchion          ||    15
Invok: Renounce Religion ||     1
  Use: Scroll            ||     1
Armor: Leather armour    ||    11
Dodge: Dodged            ||    10

Levels and vault maps discovered:
D:1:      lightli_iron_boxes, layout_basic, ebering_ecumenical_altar_rust,
          serial_glass, glass_columns_a, glass_columns_a, glass_columns_a

Notes
Turn   | Place    | Note
-------+----------+-------------------------------------------
     0 | D:1      | sanka the Djinni Chaos Knight began the quest for the Orb.
     0 | D:1      | Reached XP level 1. HP: 20/20 MP: 0/0
     0 | D:1      | Fell from the grace of Xom
    40 | D:1      | Reached skill level 3 in Long Blades
    42 | D:1      | Reached XP level 2. HP: 20/25 MP: 0/0
    64 | D:1      | XOM: summons 11 hostile demons
    65 | D:1      | Noticed a smoke demon
    65 | D:1      | Noticed a crimson imp
    65 | D:1      | Noticed a crimson imp
    69 | D:1      | Slain by a shadow imp

Vanquished Creatures
  2 dart slugs (D:1)
  A giant cockroach (D:1)
  A ball python (D:1)
  A frilled lizard (D:1)
5 creatures vanquished.
